[ AOE2 MATCH · #467300352 ]
UnrankedEthiopians vs Burmese
Player's team · LOSS
[ REPLAY ANALYSIS · EXTRACTED FROM THE RECORDED GAME ]
Feudal
9:24
Castle
24:22
Imperial
—
| APM avg | 65.8 |
| APM peak | 102 |
| eAPM avg | 31.7 |
| Villagers / military | 127 / 125 |
Focus
⚔️ 49.1% · 🌾 50.9%
Archer ×98 · Shotel Warrior ×14 · Monk ×9 · Spearman ×4
Feudal
—
Castle
—
Imperial
—
| APM avg | 41.2 |
| APM peak | 67 |
| eAPM avg | 17.9 |
| Villagers / military | 72 / 54 |
Focus
⚔️ 32.6% · 🌾 67.4%
Scout Cavalry ×35 · Battle Elephant ×14 · Spearman ×3 · Knight ×2
Feudal
—
Castle
—
Imperial
—
| APM avg | 59.2 |
| APM peak | 133 |
| eAPM avg | 24.9 |
| Villagers / military | 83 / 19 |
Focus
⚔️ 16.0% · 🌾 84.0%
Skirmisher ×17 · Militia ×2
Feudal
16:47
Castle
26:10
Imperial
—
| APM avg | 26.3 |
| APM peak | 60 |
| eAPM avg | 16.1 |
| Villagers / military | 92 / 42 |
Focus
⚔️ 30.7% · 🌾 69.3%
Spearman ×35 · Battering Ram ×3 · Knight ×2 · Militia ×2
Feudal
9:15
Castle
26:06
Imperial
—
| APM avg | 78.2 |
| APM peak | 124 |
| eAPM avg | 31.8 |
| Villagers / military | 168 / 116 |
Focus
⚔️ 44.7% · 🌾 55.3%
Scout Cavalry ×77 · Knight ×27 · Mangonel ×4 · Scorpion ×4 · Battering Ram ×3 · Spearman ×1
Feudal
9:18
Castle
27:32
Imperial
—
| APM avg | 40.2 |
| APM peak | 71 |
| eAPM avg | 20.3 |
| Villagers / military | 56 / 84 |
Focus
⚔️ 43.5% · 🌾 56.5%
Skirmisher ×28 · Spearman ×25 · Militia ×21 · Mangonel ×8 · Scorpion ×2
Feudal
8:56
Castle
18:53
Imperial
—
| APM avg | 43.5 |
| APM peak | 80 |
| eAPM avg | 23.0 |
| Villagers / military | 118 / 87 |
Focus
⚔️ 35.4% · 🌾 64.6%
Cavalry Archer ×39 · Knight ×32 · Battering Ram ×9 · Scout Cavalry ×7
Feudal
15:05
Castle
19:25
Imperial
—
| APM avg | 76.6 |
| APM peak | 144 |
| eAPM avg | 45.1 |
| Villagers / military | 122 / 85 |
Focus
⚔️ 56.1% · 🌾 43.9%
Plumed Archer ×75 · Spearman ×6 · Monk ×2 · Petard ×2
Match map
Initial resources + every placement click. Lines = walls · curves = elevation contours. ◆ gold · ⬟ stone · ● berries · ✦ relic · ◌ wall gap
Your base· Open — 1t gap
pinneda's base· Open — 6t gap
virttuallG's base· Open — 2t gap
Celtinho's base· Open — unwalled flank
__67_7SmigoL._Arg's base· Open — 7t gap
OPOSSUM's base· Open — unwalled flank
Patrulla Antigarchada's base· Open — 5t gap
Gimloth2's base· ✓ Closed at 19:25 · 71t walls · 1 gate(s)
Smoothed initial terrain · ◌ = detected wall gap · hover for details
Inputs per minute
— __09_WAIRO_Arg - - pinneda
Build order — __09_WAIRO_Arg
First 150 of 382 actions detected
| 0:01 | Create | Villager (Male) |
| 0:02 | Create | Villager (Male) |
| 0:02 | Create | Villager (Male) |
| 0:02 | Create | Villager (Male) |
| 0:03 | Build | House |
| 0:04 | Build | House |
| 1:42 | Create | Villager (Male) |
| 1:42 | Create | Villager (Male) |
| 2:03 | Create | Villager (Male) |
| 2:03 | Research | Loom |
| 2:34 | Create | Villager (Male) |
| 2:34 | Create | Villager (Male) |
| 2:38 | Create | Villager (Male) |
| 2:39 | Create | Villager (Male) |
| 2:55 | Build | Lumber Camp |
| 3:04 | Create | Villager (Male) |
| 3:05 | Create | Villager (Male) |
| 3:22 | Create | Villager (Male) |
| 3:36 | Create | Villager (Male) |
| 3:37 | Create | Villager (Male) |
| 4:01 | Create | Villager (Male) |
| 4:01 | Create | Villager (Male) |
| 4:24 | Build | Mill |
| 4:30 | Create | Villager (Male) |
| 4:31 | Create | Villager (Male) |
| 4:31 | Create | Villager (Male) |
| 4:39 | Create | Villager (Male) |
| 4:42 | Research | Loom |
| 4:52 | Build | House |
| 4:59 | Create | Villager (Male) |
| 5:13 | Create | Villager (Male) |
| 5:21 | Create | Villager (Male) |
| 6:02 | Create | Villager (Male) |
| 6:13 | Build | House |
| 6:14 | Create | Villager (Male) |
| 7:10 | Research | Feudal Age |
| 7:28 | Build | Mining Camp |
| 8:30 | Build | Barracks |
| 8:32 | Create | Villager (Male) |
| 8:40 | Build | House |
| 9:24 | Age | Feudal Age |
| 9:28 | Create | Villager (Male) |
| 9:31 | Build | Palisade Wall |
| 9:33 | Build | Palisade Wall |
| 9:35 | Build | Palisade Wall |
| 9:36 | Build | Palisade Wall |
| 9:38 | Build | Palisade Wall |
| 9:39 | Build | Palisade Wall |
| 9:41 | Build | House |
| 9:43 | Build | Palisade Wall |
| 9:45 | Build | Archery Range |
| 9:50 | Build | Palisade Wall |
| 9:52 | Build | Palisade Wall |
| 9:58 | Create | Villager (Male) |
| 10:03 | Create | Villager (Male) |
| 10:21 | Create | Archer |
| 10:21 | Create | Archer |
| 10:36 | Create | Villager (Male) |
| 10:45 | Build | Archery Range |
| 10:47 | Create | Archer |
| 10:47 | Create | Archer |
| 11:12 | Build | Watch Tower |
| 11:17 | Create | Archer |
| 11:18 | Create | Archer |
| 12:07 | Create | Villager (Male) |
| 12:08 | Create | Villager (Male) |
| 12:10 | Build | Farm |
| 12:10 | Build | Farm |
| 12:10 | Build | Farm |
| 12:10 | Build | Farm |
| 12:30 | Create | Archer |
| 12:30 | Create | Archer |
| 12:38 | Create | Villager (Male) |
| 12:38 | Create | Villager (Male) |
| 12:39 | Create | Villager (Male) |
| 12:58 | Build | Palisade Wall |
| 13:01 | Build | Palisade Wall |
| 13:04 | Create | Villager (Male) |
| 13:09 | Build | Farm |
| 13:10 | Build | Farm |
| 13:15 | Build | Palisade Wall |
| 13:17 | Build | Palisade Wall |
| 13:18 | Build | Palisade Wall |
| 13:19 | Build | Palisade Wall |
| 13:22 | Build | Palisade Wall |
| 13:39 | Create | Archer |
| 13:39 | Create | Archer |
| 13:47 | Build | Palisade Wall |
| 13:50 | Create | Villager (Male) |
| 13:50 | Create | Villager (Male) |
| 14:02 | Build | Farm |
| 14:05 | Create | Archer |
| 14:06 | Create | Archer |
| 14:23 | Build | Blacksmith |
| 14:23 | Create | Archer |
| 14:24 | Create | Archer |
| 14:25 | Create | Villager (Male) |
| 14:25 | Create | Villager (Male) |
| 14:28 | Build | House |
| 14:37 | Build | House |
| 15:09 | Create | Spearman |
| 15:10 | Create | Archer |
| 15:11 | Create | Archer |
| 15:17 | Research | Fletching |
| 15:22 | Create | Villager (Male) |
| 15:22 | Create | Villager (Male) |
| 15:29 | Build | Farm |
| 15:30 | Build | Farm |
| 15:35 | Build | Farm |
| 15:48 | Research | Double-Bit Axe |
| 15:51 | Create | Archer |
| 15:51 | Create | Archer |
| 15:51 | Create | Archer |
| 15:57 | Build | Palisade Wall |
| 15:59 | Build | Palisade Wall |
| 16:10 | Build | House |
| 16:19 | Create | Villager (Male) |
| 16:19 | Create | Villager (Male) |
| 16:26 | Create | Archer |
| 16:30 | Create | Archer |
| 16:30 | Create | Archer |
| 16:45 | Create | Archer |
| 16:45 | Create | Archer |
| 16:46 | Create | Villager (Male) |
| 16:48 | Build | Lumber Camp |
| 17:08 | Create | Archer |
| 17:11 | Create | Villager (Male) |
| 17:15 | Create | Villager (Male) |
| 17:15 | Create | Villager (Male) |
| 17:17 | Build | Farm |
| 17:20 | Create | Archer |
| 17:20 | Create | Archer |
| 17:43 | Create | Archer |
| 17:44 | Create | Villager (Male) |
| 17:44 | Create | Villager (Male) |
| 17:47 | Build | House |
| 17:50 | Build | House |
| 17:50 | Build | House |
| 17:56 | Build | Farm |
| 17:59 | Build | Farm |
| 17:59 | Build | Farm |
| 18:02 | Create | Archer |
| 18:36 | Create | Archer |
| 18:36 | Create | Archer |
| 18:43 | Build | Outpost |
| 18:48 | Create | Archer |
| 18:48 | Create | Archer |
| 19:18 | Create | Villager (Male) |
| 19:18 | Create | Villager (Male) |
| 19:27 | Build | Market |
Build order — pinneda
First 150 of 221 actions detected
| 0:02 | Create | Villager (Male) |
| 0:02 | Create | Villager (Male) |
| 0:03 | Build | House |
| 0:05 | Build | House |
| 0:35 | Create | Villager (Male) |
| 0:36 | Create | Villager (Male) |
| 0:36 | Create | Villager (Male) |
| 1:25 | Create | Villager (Male) |
| 2:02 | Build | Lumber Camp |
| 2:05 | Create | Villager (Male) |
| 2:05 | Create | Villager (Male) |
| 2:12 | Create | Villager (Male) |
| 2:12 | Create | Villager (Male) |
| 2:51 | Create | Villager (Male) |
| 3:12 | Create | Villager (Male) |
| 3:38 | Create | Villager (Male) |
| 3:38 | Create | Villager (Male) |
| 4:09 | Build | House |
| 4:10 | Create | Villager (Male) |
| 4:34 | Build | Mill |
| 4:49 | Create | Villager (Male) |
| 5:23 | Create | Villager (Male) |
| 5:43 | Create | Villager (Male) |
| 6:12 | Research | Loom |
| 7:04 | Research | Feudal Age |
| 7:04 | Research | Feudal Age |
| 7:41 | Build | Barracks |
| 8:13 | Build | House |
| 8:34 | Create | Villager (Male) |
| 9:15 | Build | Stable |
| 9:15 | Create | Spearman |
| 9:21 | Create | Villager (Male) |
| 9:50 | Create | Spearman |
| 9:58 | Create | Scout Cavalry |
| 9:58 | Create | Scout Cavalry |
| 10:01 | Build | House |
| 10:16 | Create | Villager (Male) |
| 10:29 | Build | Farm |
| 10:29 | Build | Farm |
| 10:41 | Create | Scout Cavalry |
| 10:42 | Create | Villager (Male) |
| 11:03 | Create | Scout Cavalry |
| 11:21 | Create | Villager (Male) |
| 11:39 | Create | Villager (Male) |
| 11:51 | Build | Farm |
| 11:51 | Build | Farm |
| 11:51 | Build | Farm |
| 12:05 | Create | Scout Cavalry |
| 12:26 | Create | Scout Cavalry |
| 12:34 | Build | Blacksmith |
| 12:38 | Build | Farm |
| 12:39 | Build | Farm |
| 12:52 | Create | Villager (Male) |
| 12:58 | Build | House |
| 12:59 | Build | House |
| 13:23 | Create | Scout Cavalry |
| 13:31 | Create | Villager (Male) |
| 13:34 | Build | Farm |
| 13:35 | Build | Farm |
| 13:51 | Build | Farm |
| 13:51 | Build | Farm |
| 13:51 | Build | Farm |
| 13:58 | Create | Villager (Male) |
| 14:08 | Create | Villager (Male) |
| 14:11 | Create | Scout Cavalry |
| 14:23 | Research | Forging |
| 14:31 | Build | Farm |
| 14:32 | Create | Villager (Male) |
| 14:32 | Create | Villager (Male) |
| 14:54 | Build | Farm |
| 14:55 | Create | Villager (Male) |
| 15:12 | Create | Villager (Male) |
| 15:14 | Build | Farm |
| 15:44 | Create | Scout Cavalry |
| 15:46 | Create | Villager (Male) |
| 16:10 | Build | Farm |
| 16:11 | Build | Farm |
| 16:13 | Create | Villager (Male) |
| 16:15 | Research | Wheelbarrow |
| 16:19 | Build | Farm |
| 16:28 | Create | Scout Cavalry |
| 16:54 | Create | Scout Cavalry |
| 16:56 | Create | Spearman |
| 17:14 | Build | House |
| 17:36 | Create | Villager (Male) |
| 18:00 | Build | Mining Camp |
| 18:16 | Create | Scout Cavalry |
| 18:24 | Create | Scout Cavalry |
| 18:24 | Create | Villager (Male) |
| 18:34 | Create | Scout Cavalry |
| 18:37 | Build | House |
| 18:40 | Build | Palisade Wall |
| 18:55 | Research | Fletching |
| 19:21 | Build | Lumber Camp |
| 19:30 | Build | Mining Camp |
| 19:33 | Create | Scout Cavalry |
| 19:34 | Research | Scale Barding Armor |
| 19:53 | Create | Villager (Male) |
| 20:14 | Create | Villager (Male) |
| 20:35 | Create | Villager (Male) |
| 20:45 | Build | Farm |
| 20:48 | Build | Watch Tower |
| 21:00 | Build | Market |
| 21:03 | Build | House |
| 21:05 | Build | House |
| 21:09 | Build | House |
| 21:12 | Build | House |
| 21:22 | Build | House |
| 21:25 | Build | House |
| 21:35 | Build | Farm |
| 21:36 | Create | Villager (Male) |
| 21:57 | Build | Farm |
| 21:58 | Build | Farm |
| 22:00 | Create | Villager (Male) |
| 22:15 | Research | Horse Collar |
| 22:35 | Create | Villager (Male) |
| 23:00 | Create | Villager (Male) |
| 23:21 | Build | House |
| 23:27 | Create | Villager (Male) |
| 23:29 | Build | Farm |
| 23:57 | Build | Farm |
| 24:01 | Build | Farm |
| 24:16 | Research | Castle Age |
| 24:16 | Research | Castle Age |
| 24:35 | Build | Watch Tower |
| 25:10 | Build | Stable |
| 25:33 | Build | Stable |
| 26:18 | Build | House |
| 26:26 | Build | House |
| 26:28 | Build | House |
| 26:38 | Create | Villager (Male) |
| 26:47 | Research | Bloodlines |
| 26:59 | Create | Battle Elephant |
| 26:59 | Create | Battle Elephant |
| 27:07 | Research | Gold Mining |
| 27:13 | Create | Villager (Male) |
| 27:19 | Build | Stable |
| 27:20 | Build | Farm |
| 27:25 | Create | Battle Elephant |
| 27:38 | Create | Villager (Male) |
| 27:52 | Build | Farm |
| 27:55 | Research | Chain Barding Armor |
| 28:19 | Create | Battle Elephant |
| 28:35 | Build | House |
| 28:56 | Create | Villager (Male) |
| 28:57 | Create | Villager (Male) |
| 29:17 | Build | Lumber Camp |
| 29:28 | Create | Knight |
| 29:28 | Create | Knight |
| 29:38 | Build | House |
Build order — virttuallG
First 150 of 204 actions detected
| 0:01 | Create | Villager (Male) |
| 0:01 | Create | Villager (Male) |
| 0:03 | Build | House |
| 0:04 | Build | House |
| 0:07 | Create | Villager (Male) |
| 0:08 | Create | Villager (Male) |
| 0:08 | Create | Villager (Male) |
| 1:30 | Create | Villager (Male) |
| 2:17 | Create | Villager (Male) |
| 2:17 | Create | Villager (Male) |
| 2:54 | Research | Loom |
| 3:27 | Build | Mill |
| 3:30 | Create | Villager (Male) |
| 4:11 | Create | Villager (Male) |
| 4:11 | Create | Villager (Male) |
| 4:12 | Create | Villager (Male) |
| 4:12 | Create | Villager (Male) |
| 4:29 | Build | Palisade Gate |
| 4:34 | Build | House |
| 5:03 | Create | Villager (Male) |
| 5:03 | Create | Villager (Male) |
| 5:03 | Create | Villager (Male) |
| 6:18 | Create | Villager (Male) |
| 6:24 | Build | House |
| 6:32 | Create | Villager (Male) |
| 7:00 | Create | Villager (Male) |
| 7:00 | Create | Villager (Male) |
| 7:35 | Create | Villager (Male) |
| 7:46 | Create | Villager (Male) |
| 7:46 | Create | Villager (Male) |
| 8:36 | Build | Lumber Camp |
| 9:11 | Build | Palisade Wall |
| 9:16 | Build | Palisade Wall |
| 9:29 | Build | House |
| 9:38 | Create | Villager (Male) |
| 10:18 | Build | House |
| 11:00 | Build | Town Center |
| 11:24 | Build | House |
| 11:43 | Build | House |
| 11:46 | Build | House |
| 12:24 | Create | Villager (Male) |
| 12:24 | Create | Villager (Male) |
| 12:24 | Create | Villager (Male) |
| 12:29 | Build | Mill |
| 12:51 | Build | Farm |
| 12:52 | Build | Farm |
| 13:39 | Build | Farm |
| 13:44 | Build | Farm |
| 14:04 | Create | Villager (Male) |
| 14:07 | Build | Farm |
| 14:10 | Build | Farm |
| 14:15 | Build | Farm |
| 14:54 | Build | Farm |
| 14:56 | Build | Farm |
| 15:06 | Create | Villager (Male) |
| 15:06 | Create | Villager (Male) |
| 15:11 | Build | Farm |
| 15:28 | Create | Villager (Male) |
| 15:40 | Build | Farm |
| 15:51 | Create | Villager (Male) |
| 15:55 | Build | Farm |
| 16:21 | Create | Villager (Male) |
| 16:23 | Create | Villager (Male) |
| 16:32 | Create | Villager (Male) |
| 16:33 | Create | Villager (Male) |
| 16:42 | Build | Mill |
| 16:43 | Build | Farm |
| 16:48 | Build | Farm |
| 16:53 | Build | Farm |
| 17:03 | Build | Farm |
| 17:07 | Build | Farm |
| 17:09 | Create | Villager (Male) |
| 17:13 | Build | House |
| 17:19 | Create | Villager (Male) |
| 17:20 | Create | Villager (Male) |
| 17:20 | Create | Villager (Male) |
| 17:36 | Build | Farm |
| 17:38 | Build | Farm |
| 17:43 | Create | Villager (Male) |
| 18:01 | Create | Villager (Male) |
| 18:01 | Create | Villager (Male) |
| 18:05 | Build | Farm |
| 18:15 | Build | Palisade Wall |
| 18:18 | Build | House |
| 18:18 | Create | Villager (Male) |
| 18:24 | Create | Villager (Male) |
| 18:52 | Research | Feudal Age |
| 19:02 | Build | Barracks |
| 19:06 | Build | Mining Camp |
| 19:08 | Create | Villager (Male) |
| 19:22 | Create | Villager (Male) |
| 19:52 | Create | Villager (Male) |
| 20:16 | Create | Villager (Male) |
| 20:36 | Create | Villager (Male) |
| 20:43 | Build | Mining Camp |
| 20:45 | Create | Militia |
| 20:45 | Create | Militia |
| 21:09 | Build | House |
| 21:14 | Build | Palisade Wall |
| 21:15 | Build | Palisade Wall |
| 21:17 | Build | Palisade Wall |
| 21:18 | Build | Palisade Wall |
| 21:23 | Build | Watch Tower |
| 22:05 | Build | Watch Tower |
| 22:59 | Create | Villager (Male) |
| 23:00 | Create | Villager (Male) |
| 23:10 | Build | Mining Camp |
| 23:18 | Create | Villager (Male) |
| 23:20 | Create | Villager (Male) |
| 23:30 | Build | Archery Range |
| 23:41 | Create | Villager (Male) |
| 23:43 | Create | Villager (Male) |
| 23:57 | Build | Farm |
| 24:00 | Build | Farm |
| 24:01 | Create | Villager (Male) |
| 24:10 | Build | Blacksmith |
| 24:17 | Create | Skirmisher |
| 24:17 | Create | Skirmisher |
| 24:18 | Create | Skirmisher |
| 24:23 | Build | House |
| 24:25 | Build | House |
| 24:34 | Create | Villager (Male) |
| 24:45 | Build | House |
| 24:46 | Build | House |
| 25:03 | Create | Villager (Male) |
| 25:05 | Create | Skirmisher |
| 25:14 | Build | Mining Camp |
| 25:34 | Create | Skirmisher |
| 25:51 | Create | Skirmisher |
| 25:52 | Create | Skirmisher |
| 25:53 | Create | Skirmisher |
| 26:14 | Research | Castle Age |
| 26:47 | Research | Fletching |
| 26:47 | Research | Fletching |
| 26:52 | Create | Skirmisher |
| 26:55 | Research | Padded Archer Armor |
| 26:56 | Research | Padded Archer Armor |
| 27:17 | Create | Skirmisher |
| 27:28 | Create | Skirmisher |
| 27:28 | Create | Skirmisher |
| 27:47 | Create | Villager (Male) |
| 27:52 | Build | House |
| 27:53 | Build | House |
| 28:09 | Create | Skirmisher |
| 28:29 | Research | Gold Mining |
| 28:33 | Create | Skirmisher |
| 28:57 | Create | Skirmisher |
| 29:16 | Build | Town Center |
| 29:20 | Create | Villager (Male) |
| 29:34 | Build | Lumber Camp |
Build order — Celtinho
First 150 of 229 actions detected
| 0:01 | Create | Villager (Male) |
| 0:02 | Create | Villager (Male) |
| 0:04 | Build | House |
| 0:05 | Build | House |
| 0:20 | Create | Villager (Male) |
| 0:20 | Create | Villager (Male) |
| 0:20 | Create | Villager (Male) |
| 0:21 | Create | Villager (Male) |
| 1:27 | Create | Villager (Male) |
| 2:27 | Create | Villager (Male) |
| 2:27 | Create | Villager (Male) |
| 2:49 | Create | Villager (Male) |
| 2:59 | Build | House |
| 3:00 | Build | House |
| 3:03 | Build | Lumber Camp |
| 3:10 | Create | Villager (Male) |
| 3:10 | Create | Villager (Male) |
| 3:12 | Create | Villager (Male) |
| 3:12 | Create | Villager (Male) |
| 3:22 | Create | Villager (Male) |
| 3:23 | Create | Villager (Male) |
| 3:23 | Create | Villager (Male) |
| 4:40 | Create | Villager (Male) |
| 4:51 | Create | Villager (Male) |
| 4:51 | Create | Villager (Male) |
| 4:52 | Create | Villager (Male) |
| 4:52 | Create | Villager (Male) |
| 4:52 | Create | Villager (Male) |
| 4:52 | Create | Villager (Male) |
| 5:38 | Create | Villager (Male) |
| 5:38 | Create | Villager (Male) |
| 5:47 | Research | Loom |
| 5:48 | Create | Villager (Male) |
| 5:48 | Create | Villager (Male) |
| 5:48 | Create | Villager (Male) |
| 6:21 | Create | Villager (Male) |
| 6:21 | Create | Villager (Male) |
| 6:55 | Build | Town Center |
| 7:26 | Build | Mill |
| 7:32 | Build | Palisade Wall |
| 7:34 | Build | Palisade Wall |
| 7:51 | Create | Villager (Male) |
| 7:51 | Create | Villager (Male) |
| 7:51 | Create | Villager (Male) |
| 7:51 | Create | Villager (Male) |
| 7:51 | Create | Villager (Male) |
| 7:52 | Create | Villager (Male) |
| 9:25 | Create | Villager (Male) |
| 10:08 | Build | Barracks |
| 10:15 | Create | Villager (Male) |
| 10:50 | Build | Mill |
| 10:53 | Create | Villager (Male) |
| 10:59 | Create | Militia |
| 11:05 | Build | House |
| 11:07 | Build | House |
| 11:10 | Build | House |
| 11:36 | Create | Militia |
| 11:40 | Build | Palisade Wall |
| 11:50 | Build | House |
| 11:53 | Build | Palisade Wall |
| 11:55 | Build | Palisade Wall |
| 11:57 | Build | Palisade Wall |
| 12:31 | Build | Palisade Wall |
| 12:35 | Create | Villager (Male) |
| 12:45 | Create | Villager (Male) |
| 13:16 | Create | Villager (Male) |
| 13:47 | Create | Villager (Male) |
| 14:13 | Create | Villager (Male) |
| 14:30 | Build | Mining Camp |
| 14:40 | Create | Villager (Male) |
| 14:43 | Research | Feudal Age |
| 14:43 | Research | Feudal Age |
| 14:47 | Build | Palisade Wall |
| 14:49 | Build | Palisade Wall |
| 14:51 | Build | Palisade Wall |
| 14:53 | Build | Palisade Wall |
| 14:57 | Build | Palisade Wall |
| 14:59 | Build | Palisade Wall |
| 15:01 | Build | Palisade Wall |
| 15:36 | Build | Palisade Wall |
| 15:41 | Build | Farm |
| 15:42 | Build | Farm |
| 15:45 | Build | Farm |
| 15:46 | Create | Villager (Male) |
| 15:53 | Build | Palisade Wall |
| 16:31 | Build | Lumber Camp |
| 16:47 | Age | Feudal Age |
| 17:06 | Create | Villager (Male) |
| 17:28 | Create | Villager (Male) |
| 17:37 | Build | Lumber Camp |
| 17:55 | Create | Villager (Male) |
| 17:58 | Build | Farm |
| 18:28 | Build | Farm |
| 18:28 | Create | Villager (Male) |
| 18:48 | Create | Villager (Male) |
| 18:53 | Create | Spearman |
| 18:53 | Create | Spearman |
| 18:57 | Build | Farm |
| 19:03 | Build | Mill |
| 19:15 | Create | Villager (Male) |
| 19:20 | Build | Farm |
| 19:30 | Build | Palisade Wall |
| 19:31 | Build | Palisade Wall |
| 19:37 | Create | Villager (Male) |
| 19:41 | Build | Palisade Wall |
| 19:43 | Create | Spearman |
| 20:02 | Create | Villager (Male) |
| 20:06 | Create | Spearman |
| 20:10 | Build | Farm |
| 20:12 | Build | Farm |
| 20:28 | Create | Spearman |
| 20:48 | Create | Spearman |
| 21:02 | Build | Farm |
| 21:35 | Research | Double-Bit Axe |
| 21:36 | Create | Villager (Male) |
| 21:50 | Build | Blacksmith |
| 21:56 | Build | House |
| 22:43 | Build | Market |
| 22:45 | Create | Villager (Male) |
| 23:04 | Build | Lumber Camp |
| 23:11 | Create | Villager (Male) |
| 23:13 | Build | Lumber Camp |
| 23:27 | Build | Lumber Camp |
| 23:38 | Build | Barracks |
| 23:44 | Research | Castle Age |
| 23:44 | Research | Castle Age |
| 23:55 | Create | Spearman |
| 23:55 | Create | Spearman |
| 24:22 | Research | Horse Collar |
| 24:25 | Create | Spearman |
| 24:54 | Build | Palisade Wall |
| 24:56 | Build | Palisade Wall |
| 24:59 | Build | House |
| 25:08 | Create | Spearman |
| 25:18 | Create | Spearman |
| 25:29 | Create | Villager (Male) |
| 25:41 | Build | Palisade Wall |
| 25:47 | Build | Palisade Wall |
| 25:50 | Create | Spearman |
| 26:10 | Age | Castle Age |
| 26:19 | Build | Siege Workshop |
| 26:23 | Create | Spearman |
| 26:23 | Create | Spearman |
| 26:49 | Create | Battering Ram |
| 27:05 | Build | Farm |
| 27:29 | Research | Pikeman (upgrade) |
| 27:29 | Research | Pikeman (upgrade) |
| 27:42 | Create | Spearman |
| 27:42 | Create | Spearman |
| 27:46 | Build | Farm |
Build order — __67_7SmigoL._Arg
First 150 of 413 actions detected
| 0:00 | Create | Villager (Male) |
| 0:00 | Create | Villager (Male) |
| 0:00 | Create | Villager (Male) |
| 0:01 | Create | Villager (Male) |
| 0:01 | Create | Villager (Male) |
| 0:03 | Build | House |
| 0:04 | Build | House |
| 1:28 | Create | Villager (Male) |
| 1:28 | Create | Villager (Male) |
| 1:53 | Create | Villager (Male) |
| 2:15 | Create | Villager (Male) |
| 2:45 | Build | Lumber Camp |
| 2:52 | Create | Villager (Male) |
| 2:52 | Create | Villager (Male) |
| 3:22 | Create | Villager (Male) |
| 3:22 | Create | Villager (Male) |
| 3:37 | Build | House |
| 3:46 | Create | Villager (Male) |
| 4:07 | Create | Villager (Male) |
| 4:34 | Create | Villager (Male) |
| 5:05 | Build | Mill |
| 5:15 | Create | Villager (Male) |
| 5:21 | Create | Villager (Male) |
| 5:21 | Create | Villager (Male) |
| 6:14 | Research | Loom |
| 6:38 | Create | Villager (Male) |
| 7:05 | Research | Feudal Age |
| 7:24 | Build | Barracks |
| 7:56 | Build | Palisade Wall |
| 7:57 | Build | House |
| 8:46 | Create | Villager (Male) |
| 8:49 | Build | House |
| 9:15 | Age | Feudal Age |
| 9:18 | Build | Stable |
| 9:20 | Research | Double-Bit Axe |
| 9:47 | Create | Villager (Male) |
| 9:49 | Build | Farm |
| 10:01 | Create | Scout Cavalry |
| 10:08 | Create | Scout Cavalry |
| 10:08 | Create | Scout Cavalry |
| 10:08 | Create | Scout Cavalry |
| 10:09 | Create | Scout Cavalry |
| 10:09 | Create | Scout Cavalry |
| 10:15 | Build | Farm |
| 10:17 | Create | Villager (Male) |
| 10:17 | Create | Villager (Male) |
| 10:17 | Create | Villager (Male) |
| 10:18 | Build | Farm |
| 10:21 | Build | Farm |
| 10:34 | Research | Horse Collar |
| 10:41 | Create | Scout Cavalry |
| 10:41 | Create | Scout Cavalry |
| 11:07 | Create | Scout Cavalry |
| 11:46 | Create | Villager (Male) |
| 11:46 | Create | Villager (Male) |
| 11:47 | Build | Farm |
| 11:49 | Build | House |
| 11:52 | Build | Farm |
| 12:07 | Create | Scout Cavalry |
| 12:32 | Create | Scout Cavalry |
| 12:35 | Build | Farm |
| 12:36 | Build | Farm |
| 12:47 | Create | Villager (Male) |
| 12:48 | Build | Farm |
| 12:51 | Build | Farm |
| 13:21 | Create | Scout Cavalry |
| 13:24 | Create | Villager (Male) |
| 13:39 | Build | Farm |
| 13:43 | Build | House |
| 13:44 | Build | House |
| 13:45 | Create | Villager (Male) |
| 13:45 | Create | Villager (Male) |
| 14:02 | Build | House |
| 14:05 | Build | House |
| 14:06 | Build | House |
| 14:10 | Create | Scout Cavalry |
| 14:11 | Build | Farm |
| 14:25 | Create | Scout Cavalry |
| 14:30 | Build | Farm |
| 14:31 | Build | Farm |
| 14:39 | Create | Villager (Male) |
| 14:44 | Build | Stable |
| 14:54 | Build | Farm |
| 14:55 | Create | Villager (Male) |
| 15:07 | Create | Villager (Male) |
| 15:18 | Create | Villager (Male) |
| 15:26 | Build | Farm |
| 15:27 | Create | Villager (Male) |
| 15:37 | Create | Villager (Male) |
| 15:42 | Create | Scout Cavalry |
| 15:42 | Create | Scout Cavalry |
| 15:42 | Create | Scout Cavalry |
| 15:43 | Create | Scout Cavalry |
| 15:52 | Create | Villager (Male) |
| 16:02 | Build | Farm |
| 16:02 | Create | Villager (Male) |
| 16:11 | Create | Scout Cavalry |
| 16:17 | Build | Palisade Gate |
| 16:19 | Build | House |
| 16:22 | Create | Villager (Male) |
| 16:23 | Build | House |
| 16:24 | Build | House |
| 16:26 | Build | Palisade Wall |
| 16:39 | Create | Villager (Male) |
| 16:52 | Create | Scout Cavalry |
| 16:52 | Create | Scout Cavalry |
| 17:12 | Create | Villager (Male) |
| 17:13 | Create | Villager (Male) |
| 17:13 | Create | Villager (Male) |
| 17:14 | Build | Farm |
| 17:24 | Build | Farm |
| 17:25 | Create | Villager (Male) |
| 17:37 | Create | Spearman |
| 17:46 | Create | Villager (Male) |
| 17:46 | Create | Villager (Male) |
| 17:47 | Create | Villager (Male) |
| 18:05 | Create | Villager (Male) |
| 18:06 | Create | Villager (Male) |
| 18:35 | Build | Farm |
| 18:36 | Build | Farm |
| 18:37 | Build | Farm |
| 18:41 | Build | Lumber Camp |
| 18:42 | Create | Villager (Male) |
| 18:44 | Build | House |
| 18:46 | Create | Scout Cavalry |
| 18:46 | Create | Scout Cavalry |
| 18:46 | Create | Scout Cavalry |
| 19:02 | Create | Scout Cavalry |
| 19:08 | Create | Scout Cavalry |
| 19:18 | Build | Farm |
| 19:20 | Build | House |
| 19:21 | Build | House |
| 19:25 | Create | Villager (Male) |
| 19:29 | Build | Mining Camp |
| 19:30 | Create | Villager (Male) |
| 19:30 | Create | Villager (Male) |
| 19:54 | Create | Scout Cavalry |
| 20:01 | Create | Scout Cavalry |
| 20:01 | Create | Scout Cavalry |
| 20:05 | Create | Scout Cavalry |
| 20:35 | Create | Villager (Male) |
| 20:39 | Build | Mining Camp |
| 20:55 | Create | Villager (Male) |
| 20:58 | Build | Farm |
| 21:00 | Build | Farm |
| 21:00 | Build | Farm |
| 21:03 | Build | Farm |
| 21:11 | Build | Farm |
| 21:11 | Build | Farm |
| 21:12 | Build | Farm |
Build order — OPOSSUM
First 150 of 207 actions detected
| 0:02 | Create | Villager (Male) ×4 |
| 0:03 | Build | House |
| 0:04 | Build | House |
| 1:34 | Create | Villager (Male) |
| 2:10 | Create | Villager (Male) |
| 2:41 | Create | Villager (Male) |
| 2:48 | Create | Villager (Male) |
| 2:50 | Build | Lumber Camp |
| 3:21 | Create | Villager (Male) |
| 4:03 | Create | Villager (Male) ×2 |
| 4:08 | Build | House |
| 4:30 | Create | Villager (Male) ×2 |
| 4:56 | Create | Villager (Male) ×2 |
| 5:19 | Create | Villager (Male) |
| 6:19 | Build | Barracks |
| 7:09 | Research | Feudal Age |
| 7:19 | Build | House |
| 7:29 | Create | Militia |
| 7:30 | Create | Militia |
| 7:45 | Create | Militia |
| 8:08 | Create | Militia |
| 8:16 | Build | Mining Camp |
| 8:35 | Create | Militia |
| 8:47 | Create | Villager (Male) |
| 9:02 | Build | Mill |
| 9:12 | Create | Villager (Male) |
| 9:17 | Create | Militia |
| 9:18 | Age | Feudal Age |
| 10:05 | Create | Villager (Male) |
| 10:08 | Build | House |
| 10:35 | Create | Villager (Male) |
| 10:40 | Build | Watch Tower |
| 10:41 | Create | Militia |
| 11:13 | Build | Watch Tower |
| 11:37 | Build | Watch Tower |
| 11:48 | Create | Militia |
| 11:54 | Build | Blacksmith |
| 11:58 | Build | Farm |
| 11:58 | Build | Farm |
| 11:59 | Build | Farm |
| 11:59 | Build | Farm |
| 12:05 | Research | Loom |
| 12:18 | Build | Palisade Wall |
| 12:18 | Build | Palisade Wall |
| 12:18 | Build | Palisade Wall |
| 12:19 | Build | Palisade Wall |
| 12:19 | Build | Palisade Wall |
| 12:19 | Build | Palisade Wall |
| 12:40 | Create | Villager (Male) |
| 12:40 | Create | Villager (Male) |
| 12:53 | Research | Scale Mail Armor |
| 12:58 | Create | Militia |
| 12:58 | Create | Militia |
| 13:26 | Create | Villager (Male) |
| 13:45 | Build | Archery Range |
| 13:58 | Create | Villager (Male) |
| 14:01 | Create | Villager (Male) |
| 14:09 | Build | House |
| 14:13 | Create | Villager (Male) |
| 14:25 | Create | Villager (Male) |
| 14:43 | Create | Skirmisher |
| 14:43 | Create | Skirmisher |
| 14:47 | Build | House |
| 15:24 | Create | Villager (Male) |
| 15:25 | Create | Skirmisher |
| 15:27 | Build | House |
| 15:31 | Create | Villager (Male) |
| 15:37 | Research | Double-Bit Axe |
| 15:40 | Create | Skirmisher |
| 15:51 | Build | Farm |
| 16:03 | Create | Villager (Male) |
| 16:12 | Create | Spearman |
| 16:14 | Build | Farm |
| 16:15 | Build | Palisade Wall |
| 16:30 | Create | Villager (Male) |
| 16:33 | Build | Farm |
| 16:34 | Build | Farm |
| 16:34 | Build | Farm |
| 16:45 | Build | Farm |
| 16:57 | Build | Farm |
| 17:02 | Create | Spearman |
| 17:18 | Build | Farm |
| 17:18 | Create | Villager (Male) |
| 17:19 | Create | Villager (Male) |
| 17:24 | Build | Farm |
| 17:35 | Build | Farm |
| 17:44 | Build | House |
| 17:46 | Create | Villager (Male) |
| 17:55 | Create | Skirmisher |
| 18:08 | Create | Skirmisher |
| 18:16 | Research | Fletching |
| 18:18 | Research | Padded Archer Armor |
| 18:39 | Create | Skirmisher |
| 18:40 | Create | Villager (Male) |
| 18:53 | Create | Spearman |
| 18:58 | Create | Villager (Male) |
| 19:00 | Build | Farm |
| 19:00 | Build | Farm |
| 19:00 | Build | Farm |
| 19:00 | Build | Farm |
| 19:01 | Build | Farm |
| 19:01 | Build | Farm |
| 19:13 | Create | Spearman |
| 19:16 | Build | Farm |
| 19:22 | Build | House |
| 19:32 | Create | Spearman |
| 19:33 | Create | Skirmisher |
| 20:08 | Create | Skirmisher |
| 20:12 | Create | Villager (Male) |
| 20:12 | Create | Villager (Male) |
| 20:14 | Build | Farm |
| 20:44 | Create | Spearman |
| 20:44 | Create | Spearman |
| 20:48 | Create | Skirmisher |
| 20:48 | Create | Skirmisher |
| 20:51 | Build | Farm |
| 21:04 | Create | Skirmisher |
| 21:05 | Create | Spearman |
| 21:05 | Create | Spearman |
| 21:54 | Create | Skirmisher |
| 22:06 | Create | Spearman |
| 22:21 | Research | Fletching |
| 22:22 | Create | Villager (Male) |
| 22:55 | Create | Skirmisher ×5 |
| 22:55 | Create | Skirmisher |
| 22:56 | Create | Skirmisher ×4 |
| 23:01 | Create | Spearman |
| 23:01 | Create | Spearman |
| 24:19 | Build | Market |
| 24:23 | Create | Skirmisher |
| 24:31 | Create | Spearman |
| 24:32 | Create | Spearman |
| 24:52 | Research | Castle Age |
| 24:52 | Research | Castle Age |
| 24:55 | Build | House |
| 24:58 | Build | Barracks |
| 25:20 | Create | Spearman |
| 25:20 | Create | Spearman |
| 25:26 | Research | Forging |
| 25:32 | Create | Skirmisher |
| 25:32 | Create | Skirmisher |
| 25:40 | Build | Lumber Camp |
| 25:52 | Create | Spearman |
| 25:52 | Create | Spearman |
| 26:37 | Create | Spearman |
| 26:37 | Create | Spearman |
| 26:38 | Create | Skirmisher |
| 26:40 | Create | Skirmisher |
| 26:46 | Build | Farm |
| 26:53 | Create | Spearman |
Build order — Patrulla Antigarchada
First 150 of 312 actions detected
| 0:01 | Create | Villager (Male) |
| 0:01 | Create | Villager (Male) |
| 0:01 | Create | Villager (Male) |
| 0:02 | Create | Villager (Male) |
| 1:20 | Create | Villager (Male) |
| 1:20 | Create | Villager (Male) |
| 1:45 | Create | Villager (Male) |
| 1:45 | Create | Villager (Male) |
| 1:45 | Create | Villager (Male) |
| 2:08 | Create | Villager (Male) |
| 2:08 | Create | Villager (Male) |
| 2:11 | Build | Lumber Camp |
| 2:40 | Create | Villager (Male) |
| 2:40 | Create | Villager (Male) |
| 2:42 | Create | Villager (Male) |
| 2:42 | Create | Villager (Male) |
| 3:02 | Create | Villager (Male) |
| 3:02 | Create | Villager (Male) |
| 3:21 | Create | Villager (Male) |
| 3:21 | Create | Villager (Male) |
| 3:55 | Create | Villager (Male) |
| 3:56 | Create | Villager (Male) |
| 3:56 | Create | Villager (Male) |
| 4:43 | Build | Mill |
| 4:47 | Create | Villager (Male) |
| 4:47 | Create | Villager (Male) |
| 5:02 | Create | Villager (Male) |
| 5:02 | Create | Villager (Male) |
| 5:20 | Create | Villager (Male) |
| 6:28 | Research | Loom |
| 6:46 | Research | Feudal Age |
| 6:47 | Research | Loom |
| 7:25 | Build | Barracks |
| 7:55 | Create | Villager (Male) |
| 8:56 | Age | Feudal Age |
| 8:58 | Build | Stable |
| 8:59 | Research | Double-Bit Axe |
| 8:59 | Research | Double-Bit Axe |
| 9:03 | Create | Villager (Male) |
| 9:22 | Research | Horse Collar |
| 9:25 | Build | Palisade Gate |
| 9:26 | Build | Palisade Wall |
| 9:31 | Create | Villager (Male) |
| 9:55 | Create | Villager (Male) |
| 9:58 | Build | Farm |
| 9:59 | Create | Scout Cavalry |
| 10:00 | Create | Scout Cavalry |
| 10:00 | Create | Scout Cavalry |
| 10:14 | Create | Scout Cavalry |
| 10:24 | Create | Villager (Male) |
| 10:38 | Create | Scout Cavalry |
| 10:42 | Build | Farm |
| 10:43 | Build | Farm |
| 11:00 | Build | Farm |
| 11:02 | Build | Farm |
| 11:30 | Create | Scout Cavalry |
| 11:41 | Build | Farm |
| 11:42 | Build | Farm |
| 11:44 | Build | Farm |
| 11:48 | Build | Palisade Wall |
| 11:50 | Create | Villager (Male) |
| 12:11 | Build | Mining Camp |
| 12:19 | Create | Villager (Male) |
| 12:19 | Create | Villager (Male) |
| 12:23 | Build | Palisade Wall |
| 12:25 | Build | Palisade Wall |
| 12:26 | Build | Palisade Wall |
| 12:39 | Build | Farm |
| 12:42 | Build | Farm |
| 12:49 | Build | Farm |
| 13:00 | Create | Villager (Male) |
| 13:19 | Build | Farm |
| 13:29 | Create | Villager (Male) |
| 13:34 | Build | Farm |
| 13:48 | Create | Scout Cavalry |
| 13:51 | Create | Villager (Male) |
| 14:20 | Create | Villager (Male) |
| 14:22 | Build | Farm |
| 14:34 | Build | Market |
| 14:48 | Create | Villager (Male) |
| 15:00 | Build | Palisade Wall |
| 15:14 | Build | Palisade Wall |
| 15:19 | Build | Palisade Wall |
| 15:23 | Create | Villager (Male) |
| 15:25 | Create | Villager (Male) |
| 15:39 | Build | Palisade Wall |
| 15:41 | Build | Palisade Wall |
| 15:43 | Build | Palisade Wall |
| 16:06 | Research | Castle Age |
| 16:06 | Research | Castle Age |
| 16:20 | Build | Lumber Camp |
| 16:29 | Build | Stable |
| 16:58 | Research | Gold Mining |
| 16:59 | Research | Gold Mining |
| 16:59 | Research | Gold Mining |
| 17:09 | Research | Bloodlines |
| 17:09 | Research | Bloodlines |
| 17:32 | Create | Villager (Male) |
| 17:46 | Build | Blacksmith |
| 18:34 | Build | Stable |
| 18:40 | Research | Scale Barding Armor |
| 18:40 | Research | Scale Barding Armor |
| 18:48 | Create | Villager (Male) |
| 18:53 | Age | Castle Age |
| 18:55 | Create | Knight |
| 18:55 | Create | Knight |
| 19:06 | Create | Knight |
| 19:11 | Research | Forging |
| 19:13 | Create | Villager (Male) |
| 19:16 | Build | Farm |
| 19:17 | Build | Farm |
| 19:19 | Build | Farm |
| 19:30 | Create | Villager (Male) |
| 19:42 | Create | Knight |
| 19:49 | Create | Villager (Male) |
| 19:53 | Create | Knight |
| 19:56 | Build | Farm |
| 19:56 | Build | Farm |
| 19:58 | Build | Farm |
| 20:48 | Research | Chain Barding Armor |
| 20:59 | Create | Knight |
| 20:59 | Create | Knight |
| 21:17 | Create | Knight |
| 21:33 | Create | Knight |
| 21:35 | Create | Villager (Male) |
| 21:45 | Create | Knight |
| 21:52 | Create | Villager (Male) |
| 22:06 | Create | Knight |
| 22:07 | Create | Knight |
| 22:26 | Build | Siege Workshop |
| 22:28 | Create | Knight |
| 22:29 | Create | Knight |
| 22:41 | Create | Knight |
| 22:41 | Create | Knight |
| 22:52 | Create | Knight |
| 23:08 | Create | Knight |
| 23:08 | Create | Knight |
| 23:30 | Build | Town Center |
| 23:33 | Build | Town Center |
| 23:46 | Create | Knight |
| 23:47 | Create | Knight |
| 23:54 | Create | Villager (Male) |
| 24:05 | Create | Villager (Male) |
| 24:06 | Create | Villager (Male) |
| 24:37 | Create | Knight |
| 24:38 | Create | Knight |
| 24:39 | Create | Villager (Male) |
| 24:44 | Create | Battering Ram |
| 25:02 | Create | Knight |
| 25:02 | Create | Knight |
Build order — Gimloth2
First 150 of 357 actions detected
| 0:01 | Research | Loom |
| 0:01 | Create | Villager (Male) |
| 0:02 | Create | Villager (Male) |
| 0:03 | Build | House |
| 0:04 | Build | House |
| 0:12 | Create | Villager (Male) |
| 1:19 | Create | Villager (Male) |
| 1:47 | Create | Villager (Male) |
| 2:04 | Create | Villager (Male) |
| 2:04 | Create | Villager (Male) |
| 2:29 | Create | Villager (Male) |
| 2:58 | Create | Villager (Male) |
| 3:22 | Create | Villager (Male) |
| 3:22 | Create | Villager (Male) |
| 3:42 | Build | House |
| 3:44 | Build | Palisade Wall |
| 3:52 | Build | Palisade Wall |
| 3:53 | Build | Palisade Wall |
| 3:55 | Build | Palisade Wall |
| 3:58 | Create | Villager (Male) |
| 4:27 | Create | Villager (Male) |
| 5:02 | Create | Villager (Male) |
| 5:02 | Create | Villager (Male) |
| 5:13 | Build | Palisade Wall |
| 5:15 | Build | Palisade Wall |
| 5:17 | Build | Palisade Wall |
| 5:45 | Create | Villager (Male) |
| 5:56 | Build | Mill |
| 6:13 | Create | Villager (Male) |
| 7:01 | Create | Villager (Male) |
| 7:02 | Create | Villager (Male) |
| 7:09 | Build | Lumber Camp |
| 7:12 | Create | Villager (Male) |
| 7:28 | Build | House |
| 7:40 | Build | Palisade Wall |
| 7:41 | Build | Palisade Wall |
| 7:45 | Create | Villager (Male) |
| 8:02 | Create | Villager (Male) |
| 8:31 | Create | Villager (Male) |
| 8:33 | Build | Farm |
| 8:34 | Build | Farm |
| 8:45 | Build | Palisade Wall |
| 8:46 | Build | Palisade Wall |
| 8:48 | Create | Villager (Male) |
| 9:06 | Create | Villager (Male) |
| 9:10 | Build | Palisade Wall |
| 9:12 | Build | Palisade Wall |
| 9:13 | Create | Villager (Male) |
| 9:15 | Build | Palisade Wall |
| 9:23 | Build | Palisade Wall |
| 9:24 | Create | Villager (Male) |
| 9:24 | Create | Villager (Male) |
| 9:24 | Create | Villager (Male) |
| 9:27 | Build | Palisade Wall |
| 9:29 | Build | Palisade Wall |
| 9:56 | Build | Farm |
| 10:08 | Build | House |
| 10:23 | Create | Villager (Male) |
| 10:24 | Create | Villager (Male) |
| 10:32 | Create | Villager (Male) |
| 10:33 | Build | Farm |
| 10:34 | Build | Farm |
| 10:35 | Create | Villager (Male) |
| 10:38 | Build | Palisade Wall |
| 10:55 | Build | Palisade Wall |
| 11:19 | Build | Mining Camp |
| 11:35 | Build | Farm |
| 11:36 | Create | Villager (Male) |
| 11:47 | Build | House |
| 12:08 | Build | Farm |
| 12:12 | Create | Villager (Male) |
| 12:29 | Build | Lumber Camp |
| 12:55 | Research | Feudal Age |
| 13:01 | Build | Mining Camp |
| 13:08 | Build | Palisade Wall |
| 13:14 | Build | Farm |
| 13:22 | Create | Villager (Male) |
| 14:49 | Build | Palisade Wall |
| 14:50 | Build | Palisade Wall |
| 14:51 | Build | Palisade Wall |
| 14:51 | Build | Palisade Wall |
| 14:53 | Build | Palisade Wall |
| 14:54 | Build | Palisade Wall |
| 14:55 | Build | Palisade Wall |
| 14:55 | Build | Palisade Wall |
| 14:56 | Build | Palisade Wall |
| 15:05 | Age | Feudal Age |
| 15:07 | Create | Villager (Male) |
| 15:09 | Build | Market |
| 15:15 | Create | Villager (Male) |
| 15:20 | Build | Blacksmith |
| 15:29 | Build | Farm |
| 15:31 | Build | Farm |
| 15:33 | Build | Farm |
| 15:53 | Build | Palisade Wall |
| 16:02 | Build | Farm |
| 16:12 | Create | Villager (Male) |
| 16:42 | Research | Castle Age |
| 17:04 | Build | House |
| 17:10 | Research | Double-Bit Axe |
| 17:27 | Build | Palisade Wall |
| 17:29 | Build | Palisade Wall |
| 17:31 | Build | Palisade Wall |
| 17:39 | Research | Stone Mining |
| 17:40 | Research | Stone Mining |
| 18:02 | Research | Fletching |
| 18:12 | Create | Villager (Male) |
| 18:45 | Build | Barracks |
| 19:03 | Create | Villager (Male) |
| 19:04 | Research | Gold Mining |
| 19:17 | Build | Palisade Gate |
| 19:23 | Create | Spearman |
| 19:23 | Create | Spearman |
| 19:25 | Age | Castle Age |
| 19:32 | Create | Villager (Male) |
| 19:40 | Create | Spearman |
| 19:49 | Build | Monastery |
| 19:52 | Create | Spearman |
| 20:03 | Create | Spearman |
| 20:16 | Build | House |
| 20:20 | Create | Monk |
| 20:26 | Build | House |
| 20:37 | Create | Villager (Male) |
| 20:46 | Build | Castle |
| 20:48 | Create | Villager (Male) |
| 20:49 | Create | Spearman |
| 20:51 | Create | Monk |
| 20:58 | Build | Farm |
| 21:18 | Create | Villager (Male) |
| 21:21 | Create | Villager (Male) |
| 21:22 | Build | Farm |
| 21:54 | Build | Mining Camp |
| 21:55 | Create | Villager (Male) |
| 22:00 | Build | Farm |
| 22:01 | Build | Farm |
| 22:26 | Create | Plumed Archer |
| 22:26 | Create | Plumed Archer |
| 22:30 | Create | Villager (Male) |
| 22:39 | Create | Plumed Archer |
| 22:49 | Create | Villager (Male) |
| 22:51 | Build | Farm |
| 22:56 | Research | Bodkin Arrow |
| 22:57 | Create | Villager (Male) |
| 23:11 | Create | Plumed Archer |
| 23:13 | Create | Villager (Male) |
| 23:13 | Create | Villager (Male) |
| 23:19 | Create | Villager (Male) |
| 23:33 | Build | House |
| 23:34 | Build | Stone Wall |
| 23:40 | Create | Plumed Archer |
Match timeline
| 3:44 | Gimloth2 · wall_segment Palisade Wall x1 |
| 3:52 | Gimloth2 · wall_segment Palisade Wall x1 |
| 3:53 | Gimloth2 · wall_segment Palisade Wall x1 |
| 3:55 | Gimloth2 · wall_segment Palisade Wall x1 |
| 5:13 | Gimloth2 · wall_segment Palisade Wall x1 |
| 5:15 | Gimloth2 · wall_segment Palisade Wall x1 |
| 5:17 | Gimloth2 · wall_segment Palisade Wall x1 |
| 6:19 | OPOSSUM · first_building Barracks |
| 7:24 | __67_7SmigoL._Arg · first_building Barracks |
| 7:25 | Patrulla Antigarchada · first_building Barracks |
| 7:32 | Celtinho · wall_segment Palisade Wall x5 |
| 7:34 | Celtinho · wall_segment Palisade Wall x3 |
| 7:40 | Gimloth2 · wall_segment Palisade Wall x1 |
| 7:41 | pinneda · first_building Barracks |
| 7:41 | Gimloth2 · wall_segment Palisade Wall x1 |
| 7:56 | __67_7SmigoL._Arg · wall_segment Palisade Wall x1 |
| 8:30 | __09_WAIRO_Arg · first_building Barracks |
| 8:45 | Gimloth2 · wall_segment Palisade Wall x4 |
| 8:46 | Gimloth2 · wall_segment Palisade Wall x3 |
| 8:56 | Patrulla Antigarchada · age_up feudal |
| 8:58 | Patrulla Antigarchada · first_building Stable |
| 9:10 | Gimloth2 · wall_segment Palisade Wall x1 |
| 9:11 | virttuallG · wall_segment Palisade Wall x7 |
| 9:12 | Gimloth2 · wall_segment Palisade Wall x6 |
| 9:15 | pinneda · first_building Stable |
| 9:15 | __67_7SmigoL._Arg · age_up feudal |
| 9:15 | Gimloth2 · wall_segment Palisade Wall x10 |
| 9:16 | virttuallG · wall_segment Palisade Wall x7 |
| 9:18 | __67_7SmigoL._Arg · first_building Stable |
| 9:18 | OPOSSUM · age_up feudal |
| 9:23 | Gimloth2 · wall_segment Palisade Wall x8 |
| 9:24 | __09_WAIRO_Arg · age_up feudal |
| 9:26 | Patrulla Antigarchada · wall_segment Palisade Wall x8 |
| 9:27 | Gimloth2 · wall_segment Palisade Wall x3 |
| 9:29 | Gimloth2 · wall_segment Palisade Wall x9 |
| 9:31 | __09_WAIRO_Arg · wall_segment Palisade Wall x1 |
| 9:33 | __09_WAIRO_Arg · wall_segment Palisade Wall x1 |
| 9:35 | __09_WAIRO_Arg · wall_segment Palisade Wall x1 |
| 9:36 | __09_WAIRO_Arg · wall_segment Palisade Wall x1 |
| 9:38 | __09_WAIRO_Arg · wall_segment Palisade Wall x1 |
| 9:39 | __09_WAIRO_Arg · wall_segment Palisade Wall x1 |
| 9:43 | __09_WAIRO_Arg · wall_segment Palisade Wall x1 |
| 9:45 | __09_WAIRO_Arg · first_building Archery Range |
| 9:50 | __09_WAIRO_Arg · wall_segment Palisade Wall x1 |
| 9:52 | __09_WAIRO_Arg · wall_segment Palisade Wall x1 |
| 10:08 | Celtinho · first_building Barracks |
| 10:38 | Gimloth2 · wall_segment Palisade Wall x1 |
| 10:55 | Gimloth2 · wall_segment Palisade Wall x9 |
| 11:40 | Celtinho · wall_segment Palisade Wall x1 |
| 11:48 | Patrulla Antigarchada · wall_segment Palisade Wall x12 |
| 11:53 | Celtinho · wall_segment Palisade Wall x1 |
| 11:55 | Celtinho · wall_segment Palisade Wall x1 |
| 11:57 | Celtinho · wall_segment Palisade Wall x1 |
| 12:18 | OPOSSUM · wall_segment Palisade Wall x1 |
| 12:18 | OPOSSUM · wall_segment Palisade Wall x2 |
| 12:18 | OPOSSUM · wall_segment Palisade Wall x2 |
| 12:19 | OPOSSUM · wall_segment Palisade Wall x2 |
| 12:19 | OPOSSUM · wall_segment Palisade Wall x1 |
| 12:19 | OPOSSUM · wall_segment Palisade Wall x1 |
| 12:23 | Patrulla Antigarchada · wall_segment Palisade Wall x7 |
| 12:25 | Patrulla Antigarchada · wall_segment Palisade Wall x2 |
| 12:26 | Patrulla Antigarchada · wall_segment Palisade Wall x1 |
| 12:31 | Celtinho · wall_segment Palisade Wall x1 |
| 12:58 | __09_WAIRO_Arg · wall_segment Palisade Wall x4 |
| 13:01 | __09_WAIRO_Arg · wall_segment Palisade Wall x1 |
| 13:08 | Gimloth2 · wall_segment Palisade Wall x1 |
| 13:15 | __09_WAIRO_Arg · wall_segment Palisade Wall x1 |
| 13:17 | __09_WAIRO_Arg · wall_segment Palisade Wall x1 |
| 13:18 | __09_WAIRO_Arg · wall_segment Palisade Wall x1 |
| 13:19 | __09_WAIRO_Arg · wall_segment Palisade Wall x1 |
| 13:22 | __09_WAIRO_Arg · wall_segment Palisade Wall x1 |
| 13:45 | OPOSSUM · first_building Archery Range |
| 13:47 | __09_WAIRO_Arg · wall_segment Palisade Wall x8 |
| 14:47 | Celtinho · wall_segment Palisade Wall x1 |
| 14:49 | Celtinho · wall_segment Palisade Wall x1 |
| 14:49 | Gimloth2 · wall_segment Palisade Wall x1 |
| 14:50 | Gimloth2 · wall_segment Palisade Wall x1 |
| 14:51 | Celtinho · wall_segment Palisade Wall x1 |
| 14:51 | Gimloth2 · wall_segment Palisade Wall x1 |
| 14:51 | Gimloth2 · wall_segment Palisade Wall x1 |
| 14:53 | Celtinho · wall_segment Palisade Wall x2 |
| 14:53 | Gimloth2 · wall_segment Palisade Wall x1 |
| 14:54 | Gimloth2 · wall_segment Palisade Wall x1 |
| 14:55 | Gimloth2 · wall_segment Palisade Wall x1 |
| 14:55 | Gimloth2 · wall_segment Palisade Wall x1 |
| 14:56 | Gimloth2 · wall_segment Palisade Wall x1 |
| 14:57 | Celtinho · wall_segment Palisade Wall x1 |
| 14:59 | Celtinho · wall_segment Palisade Wall x1 |
| 15:00 | Patrulla Antigarchada · wall_segment Palisade Wall x1 |
| 15:01 | Celtinho · wall_segment Palisade Wall x1 |
| 15:05 | Gimloth2 · age_up feudal |
| 15:14 | Patrulla Antigarchada · wall_segment Palisade Wall x1 |
| 15:19 | Patrulla Antigarchada · wall_segment Palisade Wall x1 |
| 15:36 | Celtinho · wall_segment Palisade Wall x1 |
| 15:39 | Patrulla Antigarchada · wall_segment Palisade Wall x1 |
| 15:41 | Patrulla Antigarchada · wall_segment Palisade Wall x1 |
| 15:43 | Patrulla Antigarchada · wall_segment Palisade Wall x1 |
| 15:53 | Gimloth2 · wall_segment Palisade Wall x1 |
| 15:53 | Celtinho · wall_segment Palisade Wall x1 |
| 15:57 | __09_WAIRO_Arg · wall_segment Palisade Wall x2 |
| 15:59 | __09_WAIRO_Arg · wall_segment Palisade Wall x7 |
| 16:03 | Patrulla Antigarchada · first_market_buy 100 food |
| 16:04 | Gimloth2 · first_market_buy 100 food |
| 16:05 | Patrulla Antigarchada · first_market_sell 100 stone |
| 16:05 | Gimloth2 · first_market_sell 100 stone |
| 16:15 | OPOSSUM · wall_segment Palisade Wall x1 |
| 16:26 | __67_7SmigoL._Arg · wall_segment Palisade Wall x1 |
| 16:47 | Celtinho · age_up feudal |
| 17:27 | Gimloth2 · wall_segment Palisade Wall x1 |
| 17:29 | Gimloth2 · wall_segment Palisade Wall x1 |
| 17:31 | Gimloth2 · wall_segment Palisade Wall x1 |
| 18:15 | virttuallG · wall_segment Palisade Wall x1 |
| 18:40 | pinneda · wall_segment Palisade Wall x1 |
| 18:45 | Gimloth2 · first_building Barracks |
| 18:53 | Patrulla Antigarchada · age_up castle |
| 19:02 | virttuallG · first_building Barracks |
| 19:25 | Gimloth2 · age_up castle |
| 19:30 | Celtinho · wall_segment Palisade Wall x4 |
| 19:31 | Celtinho · wall_segment Palisade Wall x5 |
| 19:41 | Celtinho · wall_segment Palisade Wall x3 |
| 19:49 | Gimloth2 · first_building Monastery |
| 20:46 | Gimloth2 · first_building Castle |
| 21:04 | __09_WAIRO_Arg · first_market_sell 100 wood |
| 21:05 | __09_WAIRO_Arg · first_market_buy 100 food |
| 21:14 | virttuallG · wall_segment Palisade Wall x1 |
| 21:15 | virttuallG · wall_segment Palisade Wall x1 |
| 21:17 | virttuallG · wall_segment Palisade Wall x1 |
| 21:18 | virttuallG · wall_segment Palisade Wall x1 |
| 22:05 | pinneda · first_market_sell 100 stone |
| 22:26 | Patrulla Antigarchada · first_building Siege Workshop |
| 23:30 | virttuallG · first_building Archery Range |
| 23:34 | Gimloth2 · wall_segment Stone Wall x1 |
| 23:50 | Gimloth2 · wall_segment Stone Wall x1 |
| 23:54 | Gimloth2 · wall_segment Stone Wall x1 |
| 24:00 | Gimloth2 · wall_segment Stone Wall x1 |
| 24:22 | __09_WAIRO_Arg · age_up castle |
| 24:51 | OPOSSUM · first_market_sell 100 food |
| 24:54 | Celtinho · wall_segment Palisade Wall x1 |
| 24:56 | Celtinho · wall_segment Palisade Wall x1 |
| 25:41 | Celtinho · wall_segment Palisade Wall x2 |
| 25:47 | Celtinho · wall_segment Palisade Wall x2 |
| 26:06 | __67_7SmigoL._Arg · age_up castle |
| 26:10 | Celtinho · age_up castle |
| 26:19 | Celtinho · first_building Siege Workshop |
| 27:28 | Celtinho · first_market_buy 100 food |
| 27:32 | OPOSSUM · age_up castle |
| 28:15 | __09_WAIRO_Arg · first_building Monastery |
| 28:25 | Gimloth2 · wall_segment Stone Wall x1 |
| 28:30 | Gimloth2 · wall_segment Stone Wall x1 |
| 28:45 | OPOSSUM · first_building Siege Workshop |
| 31:25 | __67_7SmigoL._Arg · first_building Siege Workshop |
| 33:49 | __09_WAIRO_Arg · first_building Castle |
| 34:21 | Patrulla Antigarchada · first_building Archery Range |
| 36:12 | virttuallG · first_market_buy 100 food |
| 36:48 | Celtinho · first_building Stable |
| 36:49 | Gimloth2 · wall_segment Stone Wall x1 |
| 36:55 | __67_7SmigoL._Arg · first_market_buy 100 stone |
| 37:17 | OPOSSUM · first_market_buy 100 wood |
| 37:22 | __67_7SmigoL._Arg · first_building Castle |
| 37:51 | OPOSSUM · resign |
| 38:42 | virttuallG · wall_segment Palisade Wall x1 |
| 38:44 | virttuallG · wall_segment Palisade Wall x1 |
| 38:45 | virttuallG · wall_segment Palisade Wall x1 |
[ AI ANALYSIS · 1 CREDIT ]
What really happened in this match?
Wolo.gg analyzes every decision: build order, eco, micro, common mistakes by bracket. Personalized analysis on WhatsApp or Discord in 30 seconds.
Civ guide
Ethiopians
Perfil
Jugador #3460005